 Dungeon Crawl Stone Soup version 0.23.0 (webtiles) character file.

Game seed: 14449287951759348882

9561 ohad the Martial Artist (level 11, -7/72 HPs)
             Began as an Octopode Transmuter on Feb 15, 2019.
             Was an Initiate of Gozag.
             Mangled by a spectral six-headed hydra (9 damage)
             ... in a Gauntlet on Feb 16, 2019.
             The game lasted 00:41:46 (14855 turns).

ohad the Martial Artist (Octopode Transmuter)      Turns: 14855, Time: 00:41:47

Health: -7/72      AC:  1    Str:  9    XL:     11   Next: 48%
Magic:  23/23      EV: 21    Int: 25    God:    Gozag
Gold:   990        SH:  0    Dex: 18    Spells: 6/27 levels left

rFire    + . .     SeeInvis .     - Unarmed
rCold    . . .     Gourm    .   (no shield)
rNeg     . . .     Faith    .   (helmet restricted)
rPois    .         Spirit   .   n - amulet of rage
rElec    .         Reflect  .   k - +6 ring of intelligence
rCorr    +         Harm     .   x - ring of flight
MR       +....     NoTele   +   S - ring "Vuboeluo" {rCorr rF+ MR+ Slay+4 Stlth+}
Stlth    +++++++...             (no ring)
HPRegen  0.22/turn              (no ring)
MPRegen  0.18/turn              (no ring)
                                (no ring)
                                (no ring)

@: agile, hasted, very quick
A: almost no armour, stealthy swim, amphibious, 8 rings, constrict 8, camouflage
1, gelatinous body 1
a: Potion Petition, Call Merchant, Bribe Branch, Renounce Religion, Evoke
Berserk Rage, Evoke Flight


You were in a Gauntlet.
You worshipped Gozag.
Gozag was pleased with you.
You were not hungry.

You visited 2 branches of the dungeon, and saw 10 of its levels.
You also visited: Sewer, Ossuary and Gauntlet.

You collected 2353 gold pieces.
You spent 1300 gold pieces at shops.
You paid 63 gold pieces to Gozag.

Inventory:

Hand Weapons
 d - a +0 short sword of freezing
 l - a +0 blowgun
 s - a +2 whip of electrocution
 C - a +1 antimagic halberd
 E - a +2 antimagic rapier
Missiles
 a - 87 arrows
 i - 5 curare-tipped needles
 m - 18 tomahawks (quivered)
 t - 7 silver tomahawks
 z - 3 javelins of returning
 B - 49 poisoned needles
Armour
 o - the +0 hat "Ziysat" {rF+++ rC- Str+9 Int-3, unknown}
   (You found it in a Gauntlet)

   It affects your strength (+9).
   It affects your intelligence (-3).
   It renders you almost immune to fire.
   It makes you vulnerable to cold.
 y - a +0 buckler
Magical Staves
 R - an uncursed staff of fire {unknown}
Jewellery
 k - a +6 ring of intelligence (left tentacle)
 n - an amulet of rage (around mantle)
 x - a ring of flight (right tentacle)
 D - an uncursed amulet of the acrobat
 I - a +4 amulet of reflection {unknown}
 S - the ring "Vuboeluo" (on tentacle) {rCorr rF+ MR+ Slay+4 Stlth+}
   (You found it in a Gauntlet)

   [ring of resist corrosion]

   It affects your accuracy and damage with ranged weapons and melee attacks
   (+4).
   It protects you from fire.
   It affects your resistance to hostile enchantments.
   It makes you more stealthy.
Wands
 G - a wand of iceblast (22)
 J - a wand of flame (9)
Scrolls
 c - 2 scrolls of immolation
 e - 4 scrolls of amnesia
 f - 2 scrolls of fog
 g - 11 scrolls of remove curse
 p - 9 scrolls of teleportation
 q - a scroll of magic mapping
 r - 5 scrolls of fear
 v - a scroll of blinking
 K - 2 scrolls of vulnerability {unknown}
 L - a scroll of summoning {unknown}
 M - a scroll of silence
 P - a scroll of enchant armour
 Q - a scroll of identify
Potions
 b - 4 potions of heal wounds
 h - 5 potions of curing
 j - 2 potions of mutation
 u - 2 potions of invisibility
 A - 2 potions of haste
 F - 2 potions of lignification
 H - a potion of resistance
 N - 2 potions of cancellation
 O - a potion of ambrosia
Comestibles
 w - 11 rations


   Skills:
 - Level 6.1 Fighting
 - Level 4.2 Dodging
 - Level 6.8 Stealth
 - Level 9.2 Unarmed Combat
 - Level 8.9 Spellcasting
 - Level 6.7 Transmutations
 - Level 3.6 Ice Magic
 + Level 3.5 Earth Magic
 - Level 2.1 Evocations


You had 6 spell levels left.
You knew the following spells:

 Your Spells              Type           Power        Failure   Level  Hunger
a - Beastly Appendage     Tmut           #####.       1%          1    None
b - Sticks to Snakes      Tmut           #####...     1%          2    None
c - Spider Form           Tmut/Pois      ####......   4%          3    None
d - Ice Form              Ice/Tmut       #####...     6%          4    ##.....
e - Blade Hands           Tmut           #####.....   10%         5    ####...
f - Statue Form           Tmut/Erth      #####....    71%         6    ######.

Your spell library contained the following spells:

 Spells                   Type           Power        Failure   Level  Hunger
 Irradiate                Conj/Tmut      ####......   36%         5    ####...
 Hydra Form               Tmut           #####.....   47%         6    ######.
 Dragon Form              Tmut           #####.....   96%         7    #######


Dungeon Overview and Level Annotations

Branches:
Dungeon (9/15)             Temple (0/1) D:6            Lair (1/6) D:8
    Orc (0/2) D:9

Altars:
Fedhas
Gozag
Hepliaklqana
Kikubaaqudgha
Makhleb
Nemelex Xobeh
Okawaru
Qazlal
Ru
Trog
Uskayaw

Shops:
D:4 :?[

Annotations:
Gauntlet 2 transporters


Innate Abilities, Weirdness & Mutations

You cannot wear most types of armour.
You are very stealthy in the water. (Stealth+)
You are amphibious.
You can wear up to eight rings at the same time.
You can use your tentacles to constrict eight enemies at once.
Your skin changes colour to match your surroundings (Stealth+).
Your rubbery body absorbs attacks. (AC +1, EV +1)


Message History

o - a warped hat The death scarab misses you.
The death scarab closely misses you.
The spectral dream sheep barely misses you.
The spectral six-headed hydra misses you.
The spectral six-headed hydra bites you! x3
* * * LOW HITPOINT WARNING * * *
The spectral six-headed hydra closely misses you.
The spectral six-headed hydra bites you!
* * * LOW HITPOINT WARNING * * *
There is a transporter, spattered with blood here.
You enter the transporter and appear at another place.
The spectral dream sheep barely misses you.
The spectral six-headed hydra misses you.
The spectral six-headed hydra closely misses you.
The spectral six-headed hydra bites you!
* * * LOW HITPOINT WARNING * * *
The spectral six-headed hydra bites you!
You die...
Your body crumbles into a pile of gold.

# #. #####.#######
.......Z....#
...©.©.@...#
#..8.8.8Z.##############
##.......####≈#≈#≈#≈#≈#§
#########≈#............
..................8.....
.....8.....8............
.............###########
.#########...#=...©.#.?#
...#.....#...#


You could see a spectral six-headed hydra and a spectral dream sheep.

Vanquished Creatures
  Erolcha (D:9)
  Pikel (D:4)
  A kobold demonologist (D:8)
  A troll (D:9)
  Grinder (D:3)
  A wraith (Ossuary)
  Sigmund (D:3)
  6 flying skulls (Gauntlet)
  A spriggan (D:7)
  Grum (D:8)
  A basilisk (D:8)
  4 porcupines
  4 orc warriors
  2 phantoms
  Purgy (Sewer)
  2 slaves (D:4)
  3 sky beasts
  3 black bears (D:8)
  2 ice beasts
  A necrophage (D:7)
  2 eyes of draining (D:6)
  4 wolves (D:8)
  8 ogres
  4 centaurs
  3 crocodiles (D:8)
  9 big kobolds
  2 bullfrogs
  An elf zombie (Ossuary)
  5 scorpions
  A howler monkey (D:8)
  A centaur zombie (D:7)
  A bullfrog zombie (D:5)
  5 crimson imps
  A hound (D:4)
  A jelly (D:5)
  3 orc priests
  2 centaur skeletons (D:8)
  6 orc wizards
  2 bullfrog skeletons
  Jessica (D:2)
  4 iguanas
  5 worker ants
  3 mummies (Ossuary)
  Robin (D:3)
  A worker ant zombie (D:8)
  16 adders
  2 shadow imps (D:8)
  An adder zombie (D:9)
  3 adder skeletons
  7 worms
  2 dart slugs
  6 leopard geckos
  24 orcs
  9 bats
  5 giant cockroaches
  12 goblins
  14 hobgoblins
  12 jackals
  7 quokkas
  3 ball pythons (D:3)
  7 frilled lizards
  A gnoll zombie (Ossuary)
  4 goblin zombies (Ossuary)
  A hobgoblin zombie (Ossuary)
  32 kobolds
  7 kobold skeletons (D:8)
  15 kobold zombies
  A leopard gecko skeleton (D:5)
  An orc zombie (Ossuary)
  2 quokka zombies
  4 rats
312 creatures vanquished.

Vanquished Creatures (others)
  A human (D:4)
  A fungus (D:8)
  6 plants (D:8)
8 creatures vanquished.

Grand Total: 320 creatures vanquished

Notes
Turn   | Place    | Note
-------+----------+-------------------------------------------
     0 | D:1      | ohad the Octopode Transmuter began the quest for the Orb.
     0 | D:1      | Reached XP level 1. HP: 13/13 MP: 3/3
   371 | D:1      | Reached XP level 2. HP: 18/18 MP: 3/5
   533 | D:1      | Learned a level 2 spell: Sticks to Snakes
   973 | D:1      | Reached XP level 3. HP: 22/23 MP: 6/6
   984 | D:1      | Learned a level 3 spell: Spider Form
  1195 | D:2      | Noticed Jessica
  1207 | D:2      | Killed Jessica
  1210 | D:2      | Reached XP level 4. HP: 26/28 MP: 4/7
  1509 | D:2      | Found a faded altar of an unknown god.
  1514 | D:2      | Reached skill level 1 in Evocations
  1522 | D:2      | Found a stormy altar of Qazlal.
  2088 | D:3      | Noticed Sigmund
  2088 | D:3      | Noticed Robin
  2333 | D:3      | Reached XP level 5. HP: 31/33 MP: 3/8
  2770 | D:3      | Killed Robin
  3152 | D:3      | Killed Sigmund
  3152 | D:3      | Reached XP level 6. HP: 38/38 MP: 4/9
  4080 | D:3      | Found a burning altar of Makhleb.
  4423 | D:3      | Noticed Grinder
  4440 | D:3      | Found an opulent altar of Gozag.
  4450 | D:3      | Became a worshipper of Gozag Ym Sagoz the Greedy
  4516 | D:4      | Found an ancient bone altar of Kikubaaqudgha.
  4516 | D:4      | Noticed a human
  4521 | D:4      | Killed a human
  4524 | D:4      | Reached XP level 7. HP: 39/43 MP: 6/10
  4537 | D:4      | Found a glowing drain.
  4549 | D:4      | Learned a level 4 spell: Ice Form
  4645 | D:4      | Reached skill level 1 in Ice Magic
  4762 | Sewer    | Entered a sewer
  4774 | Sewer    | Noticed Purgy
  4875 | Sewer    | Killed Purgy
  5310 | D:4      | Noticed Pikel
  5401 | D:4      | Killed Pikel
  5401 | D:4      | Reached skill level 5 in Spellcasting
  5401 | D:4      | Reached XP level 8. HP: 32/48 MP: 6/16
  5460 | D:4      | Learned a level 5 spell: Blade Hands
  5471 | D:4      | Found Koweiw's Book Shop.
  5477 | D:4      | Found Akkoont's Magic Scroll Boutique.
  5495 | D:4      | Bought a scroll of identify for 20 gold pieces
  5495 | D:4      | Bought a scroll of identify for 20 gold pieces
  5495 | D:4      | Bought a scroll of identify for 20 gold pieces
  5495 | D:4      | Bought a scroll of identify for 20 gold pieces
  5495 | D:4      | Bought a scroll of teleportation for 30 gold pieces
  5955 | D:3      | Paralysed by Grinder for 4 turns
  5963 | D:3      | Paralysed by Grinder for 5 turns
  5969 | D:3      | Killed Grinder
  6449 | D:4      | Found Puoseops's Food Shoppe.
  6458 | D:4      | Bought a ration for 65 gold pieces
  6458 | D:4      | Bought a ration for 65 gold pieces
  6458 | D:4      | Bought a ration for 65 gold pieces
  6458 | D:4      | Bought a ration for 65 gold pieces
  6458 | D:4      | Bought a ration for 65 gold pieces
  6504 | D:4      | Found Dulib's Antique Armour Shop.
  6631 | D:4      | Found a sparkling altar of Nemelex Xobeh.
  6631 | D:4      | Found an iron altar of Okawaru.
  6716 | D:5      | Entered Level 5 of the Dungeon
  6769 | D:5      | Reached XP level 9. HP: 53/53 MP: 15/20
  7259 | D:4      | Bought a ration for 65 gold pieces
  7488 | D:5      | HP: 2/63 [ogre/+0 giant club (26)]
  8030 | D:6      | Found a hazy altar of Hepliaklqana.
  8110 | D:6      | Reached skill level 4 in Unarmed Combat
  8142 | D:6      | Found a bloodstained altar of Trog.
  8274 | D:6      | Reached skill level 5 in Unarmed Combat
  8382 | D:4      | Bought a ration for 65 gold pieces
  8382 | D:4      | Bought a ration for 65 gold pieces
  8382 | D:4      | Bought a ration for 65 gold pieces
  8557 | D:6      | Found a hide-covered altar of Uskayaw.
  8719 | D:6      | Reached skill level 6 in Unarmed Combat
  8981 | D:6      | Found a sacrificial altar of Ru.
  9217 | D:6      | Found a staircase to the Ecumenical Temple.
  9364 | D:7      | Reached skill level 7 in Unarmed Combat
  9364 | D:7      | Reached XP level 10. HP: 42/58 MP: 22/22
  9504 | D:7      | Found a sand-covered staircase.
  9511 | Ossuary  | Entered an ossuary
 10255 | D:7      | Reached skill level 8 in Unarmed Combat
 10926 | D:8      | Noticed Grum
 10938 | D:8      | Reached skill level 9 in Unarmed Combat
 10942 | D:8      | Killed Grum
 11650 | D:8      | Found a staircase to the Lair.
 12174 | D:8      | Reached skill level 5 in Fighting
 12182 | D:8      | Noticed a kobold demonologist
 12190 | D:8      | Noticed an orange demon
 12192 | D:8      | Noticed a sun demon
 12197 | D:8      | Killed a kobold demonologist
 12197 | D:8      | Reached XP level 11. HP: 47/72 MP: 23/23
 12224 | D:8      | Found an ancient bone altar of Kikubaaqudgha.
 13085 | D:9      | Found a staircase to the Orcish Mines.
 13543 | D:9      | Noticed Erolcha
 13582 | D:9      | Killed Erolcha
 13758 | D:9      | Found a blossoming altar of Fedhas.
 14354 | D:4      | Bought a book of Transfigurations for 605 gold pieces
 14361 | D:4      | Learned a level 6 spell: Statue Form
 14440 | Lair:1   | Entered Level 1 of the Lair of Beasts
 14490 | Lair:1   | Found a gate leading to a gauntlet.
 14499 | Gauntlet | Entered a Gauntlet
 14499 | Gauntlet | Found a transporter.
 14502 | Gauntlet | Found a transporter.
 14517 | Gauntlet | Found a transporter.
 14520 | Gauntlet | Found a transporter.
 14520 | Gauntlet | Noticed a fire crab
 14521 | Gauntlet | Found a transporter.
 14598 | Gauntlet | Reached skill level 1 in Earth Magic
 14832 | Gauntlet | Got a sparkling copper ring
 14833 | Gauntlet | Identified the ring "Vuboeluo" {rCorr rF+ MR+ Slay+4
                  | Stlth+} (You found it in a Gauntlet)
 14842 | Gauntlet | Noticed a death scarab
 14842 | Gauntlet | Noticed a death scarab
 14842 | Gauntlet | Found a transporter.
 14853 | Gauntlet | Got a warped hat
 14855 | Gauntlet | HP: 2/72 [spectral six-headed hydra (8)]
 14855 | Gauntlet | Mangled by a spectral six-headed hydra

Skill      XL: |  1  2  3  4  5  6  7  8  9 10 11 |
---------------+----------------------------------+-----
Transmutations | 3 4 6 |  6.7
Evocations     | 2 |  2.1
Ice Magic      | 3 |  3.6
Spellcasting   | 5 7 8 |  8.9
Unarmed Combat | 7 9 |  9.2
Fighting       | 5 6 |  6.1
Dodging        | 4 |  4.2
Stealth        | 6 |  6.8
Earth Magic    | 3 |  3.5

Action                   |  1- 3 |  4- 6 |  7- 9 | 10-12 || total
-------------------------+-------+-------+-------+-------++-------
Melee: Unarmed           |    60 |   170 |   333 |   399 ||   962
       Constrict         |    19 |    17 |    12 |     3 ||    51
       Kick              |    12 |     6 |     3 |     1 ||    22
       Tentacles         |     9 |    12 |    12 |     1 ||    34
       Punch             |     1 |     1 |     1 |     2 ||     5
 Cast: Beastly Appendage |    12 |     8 |     2 |     1 ||    23
       Spider Form       |     1 |    23 |       |       ||    24
       Sticks to Snakes  |       |     2 |     2 |       ||     4
       Ice Form          |       |       |    24 |    31 ||    55
 Abil: Evoke Berserk Rag |       |     1 |       |     1 ||     2
  Use: Scroll            |       |     6 |    12 |     8 ||    26
       Potion            |       |       |     2 |     6 ||     8
 Stab: Sleeping          |     6 |     6 |       |       ||    12
       Distracted        |       |       |     1 |       ||     1
  Eat: Chunk             |     1 |    11 |     1 |       ||    13
       Ration            |       |     1 |     5 |     6 ||    12
Armor: Skin              |     5 |     9 |    93 |    74 ||   181
Dodge: Dodged            |    39 |   116 |   173 |   258 ||   586
